 Dungeon Crawl Stone Soup version 0.19.5 (webtiles) character file.

36946 after1king the Severer (level 13, -5/186 HPs)
             Began as a Minotaur Berserker on Apr 17, 2017.
             Was the Champion of Trog.
             Slain by an alligator (7 damage)
             ... on level 1 of the Swamp.
             The game lasted 00:54:42 (19058 turns).

after1king the Severer (Minotaur Berserker)        Turns: 19058, Time: 00:54:42

Health: -5/186     AC: 13    Str: 29    XL:     13   Next: 55%
Magic:  9/9        EV: 12    Int:  4    God:    Trog [******]
Gold:   528        SH:  0    Dex: 13    Spells: 0 memorised, 12 levels left

rFire  + . .     SeeInvis .     A - +2 hand axe (chop)
rCold  . . .     Gourm    .     t - +2 ring mail {rF+}
rNeg   . . .     Faith    .     (no shield)
rPois  +         Spirit   .     s - +1 hat
rElec  .         Reflect  .     (no cloak)
rCorr  .         Harm     .     J - +0 pair of gloves
MR     +....                    (no boots)
Stlth  ..........               T - amulet of magic regeneration
                                S - ring of poison resistance
                                C - ring of protection from magic

@: berserking, very quick
A: retaliatory headbutt, horns 2, low mp 2, sense surroundings 1
a: Berserk, Trog's Hand, Brothers in Arms, Burn Spellbooks, Renounce Religion


You were on level 1 of the Swamp.
You worshipped Trog.
Trog was exalted by your worship.
You were hungry.

You visited 4 branches of the dungeon, and saw 16 of its levels.

You collected 978 gold pieces.
You spent 450 gold pieces at shops.

Inventory:

Hand Weapons
 h - a +3 hand axe
 A - a +2 hand axe of chopping (weapon)
 W - a +2 antimagic battleaxe
Missiles
 m - 11 tomahawks (quivered)
 q - 4 poisoned tomahawks
 P - 6 exploding tomahawks
Armour
 s - a +1 hat (worn)
 t - a +2 ring mail of fire resistance (worn)
 x - +0 fire dragon scales
 D - a +1 plate armour
 J - a +0 pair of gloves (worn)
Jewellery
 C - a ring of protection from magic (left hand)
 S - a ring of poison resistance (right hand)
 T - an amulet of magic regeneration (around neck)
Wands
 a - a wand of flame (34/48)
 e - a wand of teleportation (4/9)
 y - a wand of polymorph (11/24)
 z - a wand of polymorph (1/24)
 E - a wand of polymorph (16/24)
 R - a wand of iceblast (7/15)
 V - a wand of polymorph (10/24)
Scrolls
 b - a scroll of brand weapon
 i - 3 scrolls of teleportation
 l - 7 scrolls of remove curse
 o - 2 scrolls of magic mapping
 r - 4 scrolls of identify
 u - 3 scrolls of fog
 w - a scroll of enchant armour
 G - a scroll of enchant weapon
 L - 2 scrolls of fear
 U - 2 scrolls of recharging
 Z - 2 scrolls of amnesia {unknown}
Potions
 d - 2 potions of flight {unknown}
 f - 6 potions of curing
 j - 4 potions of cancellation
 n - 2 potions of brilliance {unknown}
 p - a potion of haste
 I - a potion of cure mutation
Comestibles
 c - 8 bread rations
 g - 6 meat rations
 k - 8 beef jerkies
 v - 2 slices of pizza
 B - 2 fruits
 Q - a royal jelly


   Skills:
 + Level 14.2 Fighting
 + Level 16.8 Axes
 + Level 16.0 Armour
 - Level 2.1 Dodging
 + Level 0.8 Evocations


You had 12 spell levels left.
You didn't know any spells.

Dungeon Overview and Level Annotations

Branches:
Dungeon (11/15)            Temple (0/1) D:7            Lair (3/6) D:11
  Swamp (1/4) Lair:3       Spider (0/4) Lair:3          Orc (1/2) D:10

Altars:
Ashenzari
Cheibriados
Dithmenos
Fedhas
Gozag
Hepliaklqana
Kikubaaqudgha
Makhleb
Nemelex Xobeh
Ru
Vehumet
Xom
Yredelemnul

Shops:
D:8 %   D:9 (   D:10 !   D:11 !


Innate Abilities, Weirdness & Mutations

You reflexively headbutt those who attack you in melee.
You have a pair of horns on your head.
Your magical capacity is very low. (-20% MP)
You passively map a small area around you.


Message History

The alligator bites you!!
* * * LOW HITPOINT WARNING * * *
The alligator tail-slaps you!
* * * LOW HITPOINT WARNING * * *
You slash the alligator! You headbutt the alligator.
You feel the power of Trog in you as your rage grows.
You kill the alligator!
Trog accepts your kill.
You closely miss the alligator. You barely miss the alligator.
You headbutt the alligator!!
The alligator is moderately wounded.
The alligator bites you!
* * * LOW HITPOINT WARNING * * *
The alligator tail-slaps you but does no damage.
You closely miss the alligator. Your headbutt misses the alligator.
The alligator is moderately wounded.
You hit the alligator. You headbutt the alligator!
The alligator is heavily wounded.
You hit the swamp worm. The alligator bites you!
You die...

♣≈....≈≈...≈≈......≈≈≈≈
♣..≈≈.......≈≈..♣....≈.
♣♣.≈≈≈≈.♣♣♣♣≈§≈.........
.≈≈.≈≈..≈...≈≈.≈≈...♣§♣≈
..≈.........≈≈≈..≈≈.♣♣♣♣
*
≈≈≈♣♣♣≈≈.....≈≈...≈≈....
≈≈ ♣♣.≈≈≈....≈......≈≈ ≈≈
* ♣♣.≈≈≈...≈♣♣♣♣....≈ , *
♣♣≈@.≈≈..≈≈.♣ ♣.≈... * *
♣≈tw....♣.≈≈♣ ♣..♣.≈ * *
♣♣≈≈≈≈≈.≈(..♣ ♣...≈≈
...≈≈≈≈≈≈....♣♣♣...≈ *
≈≈...≈....♣≈....♣♣♣♣..
*..≈≈...≈≈.≈♣♣♣...♣♣≈....
* ≈.≈≈≈≈.≈≈≈.§ * .....
♣..≈≈≈≈≈≈≈.♣♣ ≈...≈
≈≈t≈≈≈≈≈≈≈≈♣ ♣....


You could see an alligator and a swamp worm.

Vanquished Creatures
  Gastronok (D:11)
  A fire dragon (Lair:3)
  Erolcha (D:11)
  2 hydras
  2 alligators (Swamp:1)
  A queen ant (Lair:2)
  The ghost of Sanvar the Transmogrifier, a novice OpTm (D:8)
  The ghost of letownia the Fighter, a novice MiHu (D:6)
  A shambling mangrove (Swamp:1)
  2 hill giants
  An orc knight (Orc:1)
  5 elephants (Lair:3)
  7 spiny frogs
  Psyche (D:8)
  5 komodo dragons
  3 rime drakes
  2 trolls
  The ghost of happy2pester the Covered, an amateur HOFi of Beogh (D:4)
  A polar bear (Lair:3)
  2 bog bodies (Swamp:1)
  10 blink frogs (Lair:3)
  5 slime creatures (Swamp:1)
  7 hippogriffs
  Sigmund (D:4)
  28 yaks
  Eustachio (D:5)
  A wyvern (D:7)
  A basilisk (Lair:1)
  4 wargs (D:10)
  7 vampire mosquitoes (Lair:3)
  Menkaure (D:4)
  A mottled dragon (D:11)
  3 insubstantial wisps (Swamp:1)
  The ghost of Tynka the Sneak, an amateur KoAs (D:3)
  A swamp worm (Swamp:1)
  16 soldier ants (Lair:2)
  Duvessa (D:5)
  4 porcupines
  4 orc warriors
  3 sky beasts
  2 swamp drakes (Swamp:1)
  4 ice beasts
  2 black bears
  A phantom (D:9)
  2 necrophages
  9 wolves
  6 ogres
  6 centaurs
  3 crocodiles
  2 big kobolds
  Blork the orc (D:6)
  15 bullfrogs
  A gnoll sergeant (D:5)
  Dowan (D:5)
  3 scorpions
  11 killer bees
  4 crimson imps
  A bullfrog zombie (D:10)
  A quasit (D:11)
  4 orc priests
  A centaur zombie (D:11)
  5 hounds
  3 jellies
  8 orc wizards
  4 centaur skeletons
  A bullfrog skeleton (D:11)
  5 iguanas
  31 worker ants
  3 hound skeletons
  A hound zombie (D:7)
  5 gnolls (D:5)
  A river rat (D:11)
  20 adders
  2 howler monkey skeletons
  3 shadow imps
  4 oozes
  An adder skeleton (D:8)
  3 adder zombies
  3 worms
  A dart slug (D:2)
  3 leopard geckos
  26 orcs
  9 bats
  2 bat skeletons (D:2)
  6 giant cockroaches
  5 goblins
  3 hobgoblins
  5 jackals
  20 kobolds
  11 quokkas
  A ball python skeleton (D:5)
  3 frilled lizards (D:1)
  A giant cockroach zombie (D:9)
  2 gnoll zombies (D:7)
  A jackal skeleton (D:2)
  A jackal zombie (D:2)
  2 leopard gecko skeletons (D:4)
  15 rats
  A bush (Lair:3)
  10 fungi
  2 plants
454 creatures vanquished.

Vanquished Creatures (others)
  A hobgoblin (D:3)
  A frilled lizard (D:3)
  A fungus (D:11)
  A plant (Lair:2)
4 creatures vanquished.

Grand Total: 458 creatures vanquished

Notes
Turn   | Place    | Note
-------+----------+-------------------------------------------
     0 | D:1      | after1king the Minotaur Berserker began the quest for the Orb.
     0 | D:1      | Reached XP level 1. HP: 19/19 MP: 0/0
   125 | D:1      | Reached XP level 2. HP: 27/27 MP: 1/1
   415 | D:1      | Reached ** piety under Trog
   581 | D:2      | Reached skill level 5 in Axes
   600 | D:2      | Reached XP level 3. HP: 23/33 MP: 2/2
   946 | D:2      | Reached XP level 4. HP: 34/40 MP: 3/3
  1645 | D:3      | Found an opulent altar of Gozag.
  1690 | D:3      | Reached XP level 5. HP: 46/46 MP: 4/4
  1806 | D:3      | Found a radiant altar of Vehumet.
  1936 | D:3      | Found a snail-covered altar of Cheibriados.
  1936 | D:3      | Found a blossoming altar of Fedhas.
  2001 | D:3      | Noticed Tynka's ghost (amateur KoAs)
  2016 | D:3      | Killed Tynka's ghost
  2053 | D:3      | Reached XP level 6. HP: 49/52 MP: 5/5
  2081 | D:3      | Found a hazy altar of Hepliaklqana.
  2160 | D:3      | Found a faded altar of an unknown god.
  2160 | D:3      | Found a faded altar of an unknown god.
  2165 | D:3      | Found a faded altar of an unknown god.
  2167 | D:3      | Found a shadowy altar of Dithmenos.
  2169 | D:3      | Found a faded altar of an unknown god.
  2256 | D:4      | Noticed Menkaure
  2264 | D:4      | Killed Menkaure
  2339 | D:4      | Noticed happy2pester's ghost (amateur HOFi)
  2356 | D:4      | Killed happy2pester's ghost
  2356 | D:4      | Reached skill level 10 in Axes
  2356 | D:4      | Reached XP level 7. HP: 34/58 MP: 6/6
  2554 | D:4      | Noticed Sigmund
  2563 | D:4      | Killed Sigmund
  3098 | D:5      | Entered Level 5 of the Dungeon
  3158 | D:5      | Noticed Duvessa
  3158 | D:5      | Noticed Dowan
  3166 | D:5      | Killed Duvessa
  3166 | D:5      | Reached *** piety under Trog
  3166 | D:5      | Reached XP level 8. HP: 66/66 MP: 7/7
  3167 | D:5      | Killed Dowan
  3212 | D:5      | Found a sacrificial altar of Ru.
  3292 | D:5      | Found a blossoming altar of Fedhas.
  3750 | D:5      | Noticed Eustachio
  3759 | D:5      | Reached skill level 5 in Armour
  3797 | D:5      | Killed Eustachio
  3994 | D:5      | Found an ancient bone altar of Kikubaaqudgha.
  3997 | D:5      | Reached skill level 5 in Fighting
  4313 | D:6      | Noticed Blork the orc
  4329 | D:6      | Killed Blork the orc
  4533 | D:6      | Found a shattered altar of Ashenzari.
  4568 | D:6      | Reached XP level 9. HP: 72/75 MP: 8/8
  4570 | D:6      | Noticed letownia's ghost (novice MiHu)
  4579 | D:6      | Killed letownia's ghost
  4842 | D:6      | Found a shattered altar of Ashenzari.
  5566 | D:7      | Reached **** piety under Trog
  6299 | D:7      | Found a sparkling altar of Nemelex Xobeh.
  6341 | D:7      | Found a staircase to the Ecumenical Temple.
  6567 | D:7      | Found a basalt altar of Yredelemnul.
  6832 | D:8      | Reached XP level 10. HP: 81/88 MP: 9/9
  6912 | D:8      | Found a basalt altar of Yredelemnul.
  6912 | D:8      | Noticed Psyche
  6929 | D:8      | Killed Psyche
  7269 | D:8      | Noticed Sanvar's ghost (novice OpTm)
  7285 | D:8      | Killed Sanvar's ghost
  7337 | D:8      | Found Gerhul's Food Shoppe.
  8072 | D:9      | Found a shimmering altar of Xom.
  8269 | D:9      | Reached ***** piety under Trog
  8432 | D:9      | Reached skill level 10 in Armour
  8952 | D:9      | Found Ahaciuf's Weapon Boutique.
  8964 | D:9      | Bought a +3 hand axe for 220 gold pieces
  9209 | D:9      | Reached XP level 11. HP: 97/97 MP: 10/10
  9358 | D:9      | Found a burning altar of Makhleb.
  9405 | D:10     | Entered Level 10 of the Dungeon
  9461 | D:10     | Found Giuc's Distillery.
  9479 | D:10     | Bought a potion of heal wounds for 75 gold pieces
  9479 | D:10     | Bought a potion of heal wounds for 75 gold pieces
  9530 | D:10     | Noticed a hill giant
  9543 | D:10     | Killed a hill giant
  9785 | D:10     | Reached skill level 10 in Fighting
  9978 | D:10     | Found a staircase to the Orcish Mines.
 10684 | D:10     | Received a gift from Trog
 10899 | Orc:1    | Entered Level 1 of the Orcish Mines
 10907 | Orc:1    | Noticed an orc knight
 10913 | Orc:1    | Noticed an orc sorcerer
 10920 | Orc:1    | Noticed a sixfirhy
 10923 | Orc:1    | Killed an orc knight
 10931 | Orc:1    | HP: 4/101 [sixfirhy[an orc knight] (10)]
 11312 | D:11     | Noticed Gastronok
 11324 | D:11     | Killed Gastronok
 11324 | D:11     | Reached skill level 15 in Axes
 11587 | D:11     | Noticed Erolcha
 11604 | D:11     | Killed Erolcha
 11772 | D:11     | Found a blossoming altar of Fedhas.
 11886 | D:11     | Found a staircase to the Lair.
 12061 | D:11     | Noticed a hill giant
 12070 | D:11     | Killed a hill giant
 12419 | D:11     | Noticed a six-headed hydra
 12433 | D:11     | Killed a 14-headed hydra
 12558 | D:11     | Found Qutimaf's Distillery.
 12564 | D:11     | Bought a potion of heal wounds for 80 gold pieces
 12736 | Lair:1   | Entered Level 1 of the Lair of Beasts
 12780 | Lair:1   | Noticed a four-headed hydra
 12796 | Lair:1   | Killed a ten-headed hydra
 12796 | Lair:1   | Reached XP level 12. HP: 110/110 MP: 11/11
 13363 | Lair:1   | Received a gift from Trog
 13630 | Lair:1   | Found a radiant altar of Vehumet.
 14221 | Lair:2   | Received a gift from Trog
 14355 | Lair:2   | Noticed a queen ant
 14378 | Lair:2   | Killed a queen ant
 15917 | Lair:3   | Reached skill level 15 in Armour
 16155 | Lair:3   | Received a gift from Trog
 16292 | Lair:3   | Gained mutation: You passively map a small area around you. [potion of mutation]
 16292 | Lair:3   | Gained mutation: Your magical capacity is low. (-10% MP) [potion of mutation]
 16292 | Lair:3   | Gained mutation: Your magical capacity is very low. (-20% MP) [potion of mutation]
 16295 | Lair:3   | Found a staircase to the Swamp.
 16332 | Lair:3   | Reached XP level 13. HP: 89/122 MP: 9/9
 16589 | Lair:3   | Reached ****** piety under Trog
 16806 | Lair:3   | Found a hole to the Spider Nest.
 16924 | Lair:3   | Noticed a fire dragon
 17154 | Lair:3   | Killed a fire dragon
 17868 | Swamp:1  | Entered Level 1 of the Swamp
 19043 | Swamp:1  | Received a gift from Trog
 19054 | Swamp:1  | HP: 9/186 [alligator (8)]
 19056 | Swamp:1  | HP: 2/186 [alligator (8)]
 19058 | Swamp:1  | Slain by an alligator

Skill      XL: |  1  2  3  4  5  6  7  8  9 10 11 12 13 |
---------------+----------------------------------------+-----
Axes           | 4 5 6 8 10 11 12 13 14 15 16 | 16.8
Armour         | 4 6 8 10 13 15 16 | 16.0
Fighting       | 4 5 8 9 11 13 14 | 14.2
Dodging        | |  2.1
Evocations     | |  0.8

Action                   |  1- 3 |  4- 6 |  7- 9 | 10-12 | 13-15 || total
-------------------------+-------+-------+-------+-------+-------++-------
Melee: Hand axe          |    64 |   115 |   311 |   907 |   246 ||  1643
       Headbutt          |    11 |    15 |    59 |   223 |    69 ||   377
       Battleaxe         |       |       |       |     9 |       ||     9
Throw: Tomahawk          |       |     4 |    15 |    26 |     3 ||    48
Invok: Burn Spellbooks   |       |     1 |       |     3 |       ||     4
       Berserk           |       |     2 |     4 |    10 |     5 ||    21
Evoke: Wand              |       |       |       |     2 |       ||     2
  Use: Scroll            |       |       |       |    14 |       ||    14
       Potion            |       |       |       |    13 |       ||    13
  Eat: Chunk             |       |     5 |    19 |    34 |     8 ||    66
       Bread ration      |       |       |       |     1 |     1 ||     2
       Pizza             |       |       |       |     1 |       ||     1
Armor: Ring mail         |    23 |    41 |    81 |       |    21 ||   166
       Plate armour      |       |       |    12 |   419 |    35 ||   466
Dodge: Dodged            |    49 |    54 |   124 |   289 |    64 ||   580
